 Seeded DCSS version 0.30-a0-377-g5cb311bc9f (webtiles) character file.

Game seed: 9553828728609344526 (custom seed)

455 innerfire433 the Sneak (level 6, -12/49 HPs)
             Began as a Demonspawn Delver on Nov 27, 2022.
             Mangled by a two-headed ogre
             ... wielding a +0 giant club
              (27 damage)
             ... on level 5 of the Dungeon.
             The game lasted 00:06:58 (2376 turns).

innerfire433 the Sneak (Demonspawn Delver)          Turns: 2376, Time: 00:06:59

Health: -12/49     AC:  6    Str: 15    XL:     6   Next: 76%
Magic:  6/6        EV: 13    Int: 11    God:
Gold:   36         SH:  5    Dex: 14    Spells: 5/5 levels left

rFire   . . .      SeeInvis .    l - staff of earth
rCold   . . .      Faith    .    (no shield)
rNeg    . . .      Spirit   .    w - +0 ring mail
rPois   .          Reflect  +    m - +0 helmet
rElec   .          Harm     .    (no cloak)
rCorr   .          Rampage  .    (no gloves)
Will    .....                    (no boots)
Stlth   +++.......               n - amulet of reflection
HPRegen 0.28/turn                (no ring)
MPRegen 0.10/turn                (no ring)

@: no status effects
A: demonic guardian 1, sturdy frame 2
a: no special abilities


You were on level 5 of the Dungeon.
You visited 1 branch of the dungeon, and saw 1 of its levels.
You also visited: Ossuary.

You collected 36 gold pieces.

Inventory:

Hand Weapons
 a - a +0 hand axe
Armour
 b - a +0 leather armour
 m - a +0 helmet (worn)
 w - a +0 ring mail (worn)
Magical Staves
 l - a staff of earth (weapon)
Jewellery
 n - an amulet of reflection (around neck)
Wands
 g - a wand of digging (3)
Scrolls
 c - a scroll of fog
 d - 2 scrolls of magic mapping
 e - a scroll of fear
 k - a scroll of brand weapon {unknown}
 o - a scroll of teleportation
 r - a scroll of summoning {unknown}
 s - a scroll of enchant weapon {unknown}
 t - a scroll of silence {unknown}
 u - a scroll of butterflies {unknown}
 x - a scroll of poison {unknown}
Potions
 f - a potion of haste
 h - 4 potions of heal wounds
 j - a potion of attraction {unknown}
 p - 2 potions of flight {unknown}
 q - a potion of curing {unknown}
 v - a potion of ambrosia {unknown}


   Skills:
 + Level 4.5 Fighting
 - Level 3.2 Axes
 * Level 1.7 Staves
 + Level 3.5 Dodging
 - Level 4.6 Stealth
 * Level 1.7 Earth Magic
 * Level 2.0 Evocations


You had 5 spell levels left.
You didn't know any spells.
Your spell library contained the following spells:

 Spells                   Type           Power      Damage    Failure   Level
 Portal Projectile        Hex/Tloc       0%         N/A       75%         3
 Tukima's Dance           Hex            0%         N/A       75%         3
 Blade Hands              Tmut           0%         N/A       100%        5


Dungeon Overview and Level Annotations

Branches:
Dungeon (5/15)            Ossuary (visited)
 Temple: D:4-7

Altars:

Shops:
D:5 !!?

Annotations:
D:5 3 runed translucent doors, innerfire433's ghost, amateur DsDe


Innate Abilities, Weirdness & Mutations

A weak demonic guardian rushes to your aid.
Your movements are less encumbered by armour. (ER -4)


Message History

You hit the phantom.
The phantom is severely damaged.
The phantom completely misses you.
You hit the phantom.
You punch the phantom, but do no damage.
The phantom is almost destroyed.
The phantom barely misses you.
You hit the phantom.
The phantom is almost destroyed.
The phantom misses you. The phantom closely misses you.
You closely miss the phantom.
The phantom is almost destroyed.
The phantom hits you.
The phantom blinks!
You blink.
You hit the phantom.
You destroy the phantom!
Your Evocations skill increases to level 2!
x - a scroll labelled EXUOQU PUOGGOC A two-headed ogre comes into view.
It is wielding two +0 giant clubs.
Aiming: Throw Flame
Press: ? - help, Shift-Dir - straight line, f - two-headed ogre
Aim: a two-headed ogre, wielding two +0 giant clubs (asleep, 100% to hit)
The puff of flame hits the two-headed ogre.
The two-headed ogre is lightly wounded.
The two-headed ogre shouts in stereo!
The now-empty wand crumbles to dust.
You hit the two-headed ogre but do no damage.
The two-headed ogre is lightly wounded.
The two-headed ogre barely misses you.
The two-headed ogre completely misses you.
You hit the two-headed ogre.
The two-headed ogre is lightly wounded.
You hit the two-headed ogre. Your punch misses the two-headed ogre.
The two-headed ogre is lightly wounded.
The two-headed ogre hits you with a +0 giant club!
You block the two-headed ogre's attack.
You hit the two-headed ogre but do no damage.
The two-headed ogre is lightly wounded.
The two-headed ogre hits you with a +0 giant club!! x2
Ouch! That really hurt!
You die...

#.#.##...# #.##.
#.#.##...# #.##.
#.#.##...# #.##.
#.#.###### #.##.
#.#.# #####.##.
#.#.# #.....##.
#.#.# #.######.
#.#O# #.######.
#.#@########.#......
#>#............####.
#.##########.### #.
#.# #.# ##. # #.#
#.# #.. . #.# #.#
#.# #.# #.# #.#
##########.#######
#.# #.#
#.................
..# #.#


You could see a two-headed ogre.

Vanquished Creatures
  2 phantoms (D:5)
  A scorpion (D:5)
  8 mummies (Ossuary)
  An adder (D:5)
  4 gnolls (D:5)
  A gnoll skeleton (Ossuary)
  2 goblin skeletons (Ossuary)
  A kobold skeleton (Ossuary)
  3 orc skeletons (Ossuary)
  11 rat skeletons (Ossuary)
34 creatures vanquished.

Vanquished Creatures (collateral kills)
  An iguana (D:5)
  4 mummies (Ossuary)
  An ufetubus (D:5)
  An orc skeleton (Ossuary)
7 creatures vanquished.

Grand Total: 41 creatures vanquished

Notes
Turn   | Place    | Note
-------+----------+-------------------------------------------
     0 | D:5      | innerfire433 the Demonspawn Delver began the quest for the
                  | Orb.
     0 | D:5      | Reached XP level 1. HP: 18/18 MP: 1/1
    15 | D:5      | Found Jyakhoel's Distillery.
    20 | D:5      | Gained mutation: Your movements are slightly less
                  | encumbered by armour. (ER -2) [demonic ancestry]
    20 | D:5      | Reached XP level 2. HP: 24/24 MP: 2/2
    27 | D:5      | Reached XP level 3. HP: 29/29 MP: 3/3
   112 | D:5      | Noticed a scorpion
   122 | D:5      | Killed a scorpion
   123 | D:5      | Gained mutation: A weak demonic guardian rushes to your
                  | aid. [demonic ancestry]
   123 | D:5      | Reached XP level 4. HP: 17/37 MP: 4/4
   235 | D:5      | Found Rydem's Distillery.
   239 | D:5      | Noticed a phantom
   253 | D:5      | Killed a phantom
   254 | D:5      | Reached XP level 5. HP: 26/42 MP: 5/5
   417 | D:5      | Found a runed translucent gate.
   419 | D:5      | Found a runed translucent gate.
   419 | D:5      | Found a runed translucent gate.
   422 | D:5      | Noticed innerfire433's ghost (amateur DsDe)
   508 | D:5      | Found a sand-covered staircase.
   535 | Ossuary  | Entered an ossuary
   578 | Ossuary  | HP: 2/42 [mummy (15)]
  1072 | Ossuary  | Reached skill level 1 in Evocations
  1072 | Ossuary  | Gained mutation: Your movements are less encumbered by
                  | armour. (ER -4) [demonic ancestry]
  1072 | Ossuary  | Reached XP level 6. HP: 7/49 MP: 6/6
  1241 | Ossuary  | Reached skill level 1 in Staves
  1241 | Ossuary  | Reached skill level 1 in Earth Magic
  2003 | D:5      | Found Soeveoto's Magic Scroll Emporium.
  2024 | D:5      | HP: 2/49 [iguana (12)]
  2370 | D:5      | Noticed a two-headed ogre
  2376 | D:5      | Mangled by a two-headed ogre

Illustrated notes

Levels and vault maps discovered:
D:5:      kennysheep_slugbush, layout_loops_ring, gammafunk_ghost_necromancy,
          serial_shops, nicolae_shop_advertising_works
          [nicolae_subvault_shop_adworks], nicolae_shop_behind_doors, shop,
          nicolae_shop_stone, chequers_ossuary_entry_cave,
          hangedman_decor_points

Skill      XL: |  1  2  3  4  5  6 |
---------------+-------------------+-----
Axes           | 2 3 |  3.2
Dodging        | 2 3 |  3.5
Fighting       | 4 |  4.5
Evocations     | 1 2 |  2.0
Staves         | 1 |  1.7
Earth Magic    | 1 |  1.7
Stealth        | |  4.6

Action                   |  1- 3 |  4- 6 || total
-------------------------+-------+-------++-------
Melee: Hand axe          |     7 |    19 ||    26
       Staff             |       |   252 ||   252
       Punch             |       |     5 ||     5
Evoke: Wand              |    15 |     7 ||    22
  Use: Scroll            |       |     2 ||     2
 Stab: Sleeping          |       |    10 ||    10
Armor: Leather armour    |       |    30 ||    30
       Ring mail         |       |     8 ||     8
Dodge: Dodged            |     4 |   119 ||   123
Block: Other             |       |    28 ||    28

Table legend: (Time is in decaauts)
 A = Elapsed time spent in this place.
 B = Non-inter-level travel time spent in this place.
 C = Inter-level travel time spent in this place.
 D = Time resting spent in this place.
 E = Time spent auto-exploring this place.
 F = Levels seen in this place.
 G = Mean time per level.
                   A        B        C        D        E       F      G
               +--------+--------+--------+--------+--------+-----+--------+
         Total |   2418 |   2418 |      0 |      0 |   1725 |   2 | 1209.0 |
       Dungeon |    934 |    934 |      0 |      0 |    720 |   1 |  934.0 |
       Ossuary |   1483 |   1483 |      0 |      0 |   1005 |   1 | 1483.0 |
               +--------+--------+--------+--------+--------+-----+--------+

Top non-repeatable levels by time:
 Ossuary: 1483 daAuts
     D:5: 934 daAuts
